 Dungeon Sprint DCSS version 0.20-a0-754-g13ddd6e (webtiles) character file.

8 Gorglomux the Sneak (level 2, -8/19 HPs)
             Began as a Deep Elf Conjurer on Feb 26, 2017.
             Was an Initiate of Vehumet.
             Killed from afar by a white imp (9 damage)
             ... with a puff of frost
             ... in the Dungeon (Sprint V: "Ziggurat Sprint").
             The game lasted 00:01:11 (82 turns).

Gorglomux the Sneak (Deep Elf Conjurer)               Turns: 82, Time: 00:01:13

Health: -8/19      AC:  2    Str:  5    XL:     2   Next: 0%
Magic:  8/8        EV: 15    Int: 19    God:    Vehumet [......]
Gold:   0          SH:  0    Dex: 15    Spells: 6/7 levels left

rFire    . . .     SeeInvis +   x - +9 heavy crossbow "Sniper" {velocity, Acc+∞ SInv}
rCold    . . .     Gourm    .   a - +0 robe
rNeg     . . .     Faith    .   (shield currently unavailable)
rPois    .         Spirit   .   (no helmet)
rElec    .         Reflect  .   (no cloak)
rCorr    .         Harm     .   (no gloves)
MR       .....     NoTele   +   (no boots)
Stlth    +++.......             (no amulet)
Regen    0.1/turn               (no ring)
MPRegen  0.2/turn               (no ring)

@: no status effects
A: no striking features
a: Renounce Religion


You were in the Dungeon.
You worshipped Vehumet.
Vehumet was noncommittal.
You were not hungry.

You visited 1 branch

Inventory:

Hand Weapons
 x - the +9 heavy crossbow "Sniper" (weapon) {velocity, Acc+∞ SInv}
   (You found it in the Dungeon)

   Any bolt fired from it inflicts extra damage.
   It lets you see invisible.
 y - the +6 Majin-Bo {vamp, Archmagi MP+6 Int+6}
   (You found it in the Dungeon)

   It inflicts no extra harm, but heals its wielder when it wounds a living foe.
   It affects your intelligence (+6).
   It affects your magic capacity (+6).
 z - the +7 longbow "Piercer" {penet, EV-2}
   (You found it in the Dungeon)

   Ammo fired by it will pass through the targets it hits, potentially hitting
   all targets in its path until it reaches maximum range.
   It affects your evasion (-2).
 M - the +8 lance "Wyrmbane" {slay drac, rPois rF+ rC+ AC+3}
   (You found it in the Dungeon)

   It affects your AC (+3).
   It protects you from fire.
   It protects you from cold.
   It protects you from poison.
Missiles
 s - 999 bolts (quivered)
 t - 1000 arrows
Armour
 a - a +0 robe (worn)
Magical Staves
 w - an uncursed staff of energy
Jewellery
 O - a +6 ring of strength
 P - a +6 ring of strength
 Q - a +6 ring of intelligence
 X - a +6 ring of dexterity
 Y - a +6 ring of dexterity
 Z - a +6 ring of intelligence
Wands
 v - a wand of disintegration (7/24)
 A - a wand of acid (5/15)
 I - a wand of iceblast (5/15)
 L - a wand of lightning (5/15)
Scrolls
 B - 4 scrolls of blinking
 J - 7 scrolls of fog
 K - a scroll of holy word
 N - 3 scrolls of recharging
 R - 5 scrolls of identify
 S - 5 scrolls of remove curse
 T - 2 scrolls of fear
 U - 4 scrolls of amnesia
Potions
 d - 10 potions of curing
 e - 10 potions of heal wounds
 f - 6 potions of haste
 g - 7 potions of magic
 h - 3 potions of berserk rage
 C - 2 potions of brilliance
 D - 2 potions of invisibility
 E - 4 potions of resistance
 G - 5 potions of agility
 H - 5 potions of might
Books
 b - a book of Conjurations

   Spells                             Type                      Level
   a - Magic Dart                     Conjuration                  1
   b - Searing Ray                    Conjuration                  2
   c - Dazzling Spray                 Conjuration/Hexes            3
   d - Fulminant Prism                Conjuration/Hexes            4
   e - Force Lance                    Conjuration/Translocation    4
   f - Iskenderun's Mystic Blast      Conjuration                  4
Miscellaneous
 u - a lightning rod (4/4)
Comestibles
 c - 5 bread rations
 V - 42 fruits
 W - 4 meat rations


   Skills:
 - Level 3.0 Fighting
 - Level 2.2 Crossbows
 - Level 5.2 Dodging
 - Level 5.6 Stealth
 + Level 3.0 Spellcasting
 + Level 4.3 Conjurations


You had 6 spell levels left.
You knew the following spells:

 Your Spells              Type           Power        Failure   Level  Hunger
a - Magic Dart            Conj           ###.         2%          1    None


Dungeon Overview and Level Annotations

Branches:
Dungeon (1/1)

Altars:
Ashenzari
Cheibriados
Dithmenos
Elyvilon
Fedhas
Gozag
Hepliaklqana
Kikubaaqudgha
Makhleb
Nemelex Xobeh
Okawaru
Qazlal
Ru
Sif Muna
Trog
Uskayaw
Vehumet
Xom
Yredelemnul
Zin
The Shining One
Beogh
Jiyva
Lugonu


Message History

You can't go up here!
Your surroundings seem different!
Welcome to arena 1. 2 white imps come into view.
Found an uncursed amulet of guardian spirit and a +5 war axe of flaming.
Firing (i - inventory):
s - 1000 bolts (quivered)
Press: ? - help, Shift-Dir - straight line, f - white imp
Aim: a white imp (resting)
You shoot a bolt. The bolt hits the white imp!
The white imp shouts, "Begone, thou peeagling common-kissing wastrel!"
The white imp is almost dead.
The white imp shouts, "Quail, thou beslubbering moon-mazed hedge-pig!"
The white imp gestures at you. The puff of frost hits you!
The white imp gestures at you. The puff of frost hits you!
* * * LOW HITPOINT WARNING * * *
The white imp shouts, "Slither home, thou painted folly-fallen gonus!"
The white imp gestures at you. The puff of frost hits you!
You die...

▓▓▓▓▓▓▓
▓.8©8.▓
▓.....▓
▓.(.".▓
▓.55..▓
▓.....▓
▓..@..▓
▓▓▓▓▓▓▓


You could see 2 white imps.

Vanquished Creatures (others)
  Erolcha (D)
  Dowan (D)
  Crazy Yiuf (D)
  Ijyb (D)
  Terence (D)
5 creatures vanquished.

Notes
Turn   | Place    | Note
-------+----------+-------------------------------------------
     0 | D        | Gorglomux the Deep Elf Conjurer began the quest for the Orb.
     0 | D        | Reached XP level 1. HP: 10/10 MP: 6/6
     0 | D        | Found a deep blue altar of Sif Muna.
     0 | D        | Found a sacrificial altar of Ru.
     0 | D        | Found a bloodstained altar of Trog.
     0 | D        | Found a stormy altar of Qazlal.
     0 | D        | Found an iron altar of Okawaru.
     0 | D        | Found a sparkling altar of Nemelex Xobeh.
     0 | D        | Found a blossoming altar of Fedhas.
     2 | D        | Found an ancient bone altar of Kikubaaqudgha.
     2 | D        | Found a viscous altar of Jiyva.
     2 | D        | Found a corrupted altar of Lugonu.
     2 | D        | Found a hazy altar of Hepliaklqana.
     2 | D        | Found a burning altar of Makhleb.
     2 | D        | Found an opulent altar of Gozag.
     4 | D        | Killed Terence
     4 | D        | Killed Ijyb
    11 | D        | Killed Erolcha
    31 | D        | Killed Dowan
    38 | D        | Became a worshipper of Vehumet
    76 | D        | Killed Crazy Yiuf
    80 | D        | Reached skill level 3 in Fighting
    80 | D        | Reached XP level 2. HP: 19/19 MP: 8/8
    81 | D        | Entered arena 1.
    82 | D        | Killed from afar by a white imp

Vault maps used:
D:        sprint_v

Skill      XL: |  1 |
---------------+----+-----
Fighting       | 3 |  3.0
Crossbows      | 2 |  2.2
Dodging        | 5 |  5.2
Stealth        | 5 |  5.6
Spellcasting   | |  3.0
Conjurations   | |  4.3

Action                   || total
-------------------------++-------
 Fire: Heavy crossbow    ||     1
  Use: Potion            ||     1
